 Dungeon Crawl Stone Soup version 0.27-a0-101-g3cb999cee2 (webtiles) character file.

Game seed: 12394243289218061039

3485 kae the Grappler (level 9, -1/91 HPs)
             Began as a Troll Monk on Jan 21, 2021.
             Was a Believer of Ru.
             Slain by a killer bee (2 damage)
             ... while paralysed by Maggie
             ... on level 7 of the Dungeon.
             The game lasted 00:05:25 (5987 turns).

kae the Grappler (Troll Monk)                       Turns: 5987, Time: 00:05:25

Health: -1/91      AC:  7    Str: 24    XL:     9   Next: 79%
Magic:  8/8        EV:  1    Int:  6    God:    Ru [**....]
Gold:   470        SH:  0    Dex: 12    Spells: 8/8 levels left

rFire    . . .     SeeInvis .     - Unarmed
rCold    . . .     Faith    .   (no shield)
rNeg     . . .     Spirit   .   a - +1 robe
rPois    .         Reflect  +   (helmet restricted)
rElec    .         Harm     .   (no cloak)
rCorr    .         Rampage  .   (gloves unavailable)
Will     .....                  (boots unavailable)
Stlth    ..........             k - amulet of reflection
HPRegen  0.65/turn              m - +4 ring of evasion
MPRegen  0.11/turn              (no ring)

@: paralysed, lethally poisoned (-1 -> -9)
A: large, unfitting armour, claws 3, regeneration 1, shaggy fur 1, tough skin 3,
no stealth, no ice magic, no translocations magic, no transmutations magic
a: Renounce Religion


You were on level 7 of the Dungeon.
You worshipped Ru.
Ru was pleased with you.
You visited 2 branches of the dungeon, and saw 8 of its levels.
You also visited: Sewer.

You collected 470 gold pieces.

Inventory:

Armour
 a - a +1 robe (worn)
Jewellery
 k - an amulet of reflection (around neck)
 m - a +4 ring of evasion (left claw)
 o - a +6 ring of dexterity {unknown}
Wands
 n - a wand of digging (8)
 x - a wand of paralysis (8)
Scrolls
 f - 2 scrolls of magic mapping
 g - 2 scrolls of fear
 i - 2 scrolls of blinking
 j - 3 scrolls of enchant weapon
 l - 4 scrolls of remove curse
 r - 3 scrolls of identify
 s - a scroll of enchant armour
 v - a scroll of amnesia {unknown}
Potions
 b - a potion of magic
 c - 3 potions of haste
 d - 2 potions of lignification
 h - 2 potions of curing
 p - a potion of flight {unknown}
 q - a potion of attraction {unknown}
 t - 2 potions of heal wounds
 u - a potion of might {unknown}
 w - 2 potions of degeneration {unknown}


   Skills:
 + Level 6.3 Fighting
 + Level 6.3 Dodging
 * Level 10.3 Unarmed Combat


You had 8 spell levels left.
You didn't know any spells.
Your spell library contained the following spells:

 Spells                   Type           Power        Failure   Level
 Summon Lightning Spire   Summ/Air       0%           99%         4
 Silence                  Hex/Air        0%           100%        5
 Conjure Ball Lightning   Conj/Air       0%           100%        6
 Tornado                  Air            0%           100%        9


Dungeon Overview and Level Annotations

Branches:
Dungeon (7/15)             Temple (1/1) D:4           Sewer (visited)

Altars:
Ashenzari
Cheibriados
Elyvilon
Fedhas
Gozag
Hepliaklqana
Kikubaaqudgha
Makhleb
Nemelex Xobeh
Okawaru
Ru
Sif Muna
Trog
Uskayaw
Wu Jian
Xom
Yredelemnul
Zin

Annotations:
D:3 3 runed translucent doors, bmj180's ghost, amateur DrCj; iamberjio's ghost, weakling DDFi
D:7 Dowan; Duvessa; Maggie


Innate Abilities, Weirdness & Mutations

You are too large for most types of armour.
You have claws for hands.
Your natural rate of healing is unusually fast.
You are covered in fur. (AC +1)
You have extremely tough skin. (AC +3)
You cannot be stealthy.
You cannot study or cast Ice magic.
You cannot study or cast Translocations magic.
You cannot study or cast Transmutations magic.


Message History

Maggie casts a spell.
Maggie attempts to bespell you!
You easily resist.
You feel sick. The killer bee stings you.
* * * LOW HITPOINT WARNING * * *
The killer bee stings you.
* * * LOW HITPOINT WARNING * * *
You are more poisoned.
The killer bee poisons you!
Maggie zaps a wand.
You shrug off the repeated paralysis!
You feel sick. The killer bee stings you!
* * * LOW HITPOINT WARNING * * *
You are more poisoned.
The killer bee poisons you! The killer bee stings you.
* * * LOW HITPOINT WARNING * * *
Dowan begins to cast a spell, but is stunned by your conviction!
Maggie mumbles some strange words.
Maggie attempts to bespell you! You resist with almost no effort.
* * * LOW HITPOINT WARNING * * *
You feel sick. The killer bee stings you.
You die...

#..## #.(.## #e
#.... #..## ##..#
.....###..#
..........#
......e...##
........y..#
......#@@..##
.#.@.###....#####
....# ##....#..#
.... #.....###
##..# #....##
#..## #...##
#....##...#
#........## .#
##.......#


You could see Maggie, Duvessa, Dowan and a killer bee (corona).

Vanquished Creatures
  Pikel (D:7)
  Grinder (D:5)
  Sigmund (D:5)
  Eustachio (D:4)
  Menkaure (D:7)
  2 sky beasts
  2 ice beasts (D:6)
  2 orc warriors (D:7)
  3 phantoms
  A necrophage (D:7)
  2 ogres
  A centaur (D:7)
  A lemure (D:7)
  A wyvern zombie (D:6)
  2 bullfrogs
  3 scorpions
  3 howler monkeys (D:7)
  A bullfrog zombie (D:7)
  A quasit (D:7)
  2 bullfrog skeletons (D:7)
  3 hounds
  An orc priest (D:5)
  An iguana (D:7)
  8 orc wizards
  3 worker ants
  2 hound skeletons
  9 adders
  A river rat (D:6)
  2 shadow imps (D:5)
  A white imp (D:5)
  An ooze (D:5)
  A worm (D:2)
  2 dart slugs
  7 leopard geckos
  18 orcs
  10 bats
  3 giant cockroaches
  7 goblins
  4 hobgoblins
  5 jackals (Sewer)
  2 quokkas
  5 ball pythons (Sewer)
  4 frilled lizards
  A giant cockroach zombie (D:5)
  8 kobolds
  A quokka skeleton (D:6)
  2 quokka zombies
  9 rats
153 creatures vanquished.

Vanquished Creatures (others)
  5 dream sheep (D:4)
  A human (D:4)
  A withered plant (D:3)
7 creatures vanquished.

Grand Total: 160 creatures vanquished

Notes
Turn   | Place    | Note
-------+----------+-------------------------------------------
     0 | D:1      | kae the Troll Monk began the quest for the Orb.
     0 | D:1      | Reached XP level 1. HP: 22/22 MP: 0/0
   125 | D:1      | Reached XP level 2. HP: 29/29 MP: 1/1
   490 | D:2      | Reached XP level 3. HP: 36/36 MP: 2/2
   559 | D:2      | Found a faded altar of an unknown god.
   861 | D:2      | Reached skill level 4 in Unarmed Combat
   922 | D:3      | Found a runed translucent gate.
   923 | D:3      | Found a runed translucent gate.
   928 | D:3      | Reached XP level 4. HP: 41/44 MP: 3/3
   935 | D:3      | Found a runed translucent gate.
  1295 | D:3      | Reached XP level 5. HP: 31/53 MP: 4/4
  1564 | D:3      | Noticed iamberjio's ghost (weakling DDFi)
  1564 | D:3      | Noticed bmj180's ghost (amateur DrCj)
  1812 | D:4      | Found a hazy altar of Hepliaklqana.
  1862 | D:4      | Noticed Eustachio
  1871 | D:4      | Killed Eustachio
  1872 | D:4      | Reached skill level 5 in Unarmed Combat
  1872 | D:4      | Reached XP level 6. HP: 59/61 MP: 5/5
  1995 | D:4      | Found an ancient bone altar of Kikubaaqudgha.
  1996 | D:4      | Noticed a human
  2000 | D:4      | Killed a human
  2030 | D:4      | Noticed a dream sheep
  2030 | D:4      | Noticed a dream sheep
  2030 | D:4      | Noticed a dream sheep
  2030 | D:4      | Noticed a dream sheep
  2030 | D:4      | Noticed a dream sheep
  2030 | D:4      | Found a shimmering altar of Xom.
  2034 | D:4      | Killed a dream sheep
  2034 | D:4      | Killed a dream sheep
  2034 | D:4      | Killed a dream sheep
  2034 | D:4      | Killed a dream sheep
  2036 | D:4      | Killed a dream sheep
  2173 | D:4      | Found a staircase to the Ecumenical Temple.
  2283 | Temple   | Entered the Ecumenical Temple
  2469 | Temple   | Became a worshipper of Ru the Awakened
  2491 | D:4      | Gained mutation: You cannot be stealthy. [Ru sacrifice]
  2513 | D:5      | Entered Level 5 of the Dungeon
  2552 | D:5      | Noticed Grinder
  2553 | D:5      | Paralysed by Grinder for 4 turns
  2564 | D:5      | Reached skill level 6 in Unarmed Combat
  2568 | D:5      | Killed Grinder
  2569 | D:5      | Reached XP level 7. HP: 69/70 MP: 6/6
  2995 | D:5      | Noticed Sigmund
  3006 | D:5      | Killed Sigmund
  3007 | D:5      | Reached skill level 7 in Unarmed Combat
  3007 | D:5      | Reached XP level 8. HP: 79/79 MP: 7/7
  3551 | D:6      | Reached skill level 5 in Fighting
  3551 | D:6      | Reached skill level 5 in Dodging
  3551 | D:6      | Reached skill level 8 in Unarmed Combat
  3709 | D:6      | Found a glowing drain.
  3727 | Sewer    | Entered a sewer
  4444 | D:6      | Gained mutation: You cannot study or cast Ice magic. [Ru
                  | sacrifice]
  4444 | D:6      | Gained mutation: You cannot study or cast Transmutations
                  | magic. [Ru sacrifice]
  4444 | D:6      | Gained mutation: You cannot study or cast Translocations
                  | magic. [Ru sacrifice]
  4444 | D:6      | Reached * piety under Ru
  4444 | D:6      | Reached ** piety under Ru
  4663 | D:6      | Reached skill level 9 in Unarmed Combat
  4663 | D:6      | Reached XP level 9. HP: 85/88 MP: 8/8
  5120 | D:7      | Noticed Menkaure
  5124 | D:7      | Killed Menkaure
  5161 | D:7      | Found a basalt altar of Yredelemnul.
  5450 | D:7      | Found an ornate altar of the Wu Jian Council.
  5452 | D:7      | Found a bloodstained altar of Trog.
  5570 | D:7      | Noticed Maggie
  5573 | D:7      | Noticed Dowan
  5573 | D:7      | Paralysed by Maggie for 5 turns
  5575 | D:7      | Noticed Duvessa
  5919 | D:7      | Noticed Pikel
  5940 | D:7      | Killed Pikel
  5941 | D:7      | Reached skill level 10 in Unarmed Combat
  5980 | D:7      | Paralysed by Maggie for 7 turns
  5986 | D:7      | HP: 4/91 [killer bee (9)]
  5986 | D:7      | HP: 1/91 [killer bee (3)]
  5987 | D:7      | Slain by a killer bee

Illustrated notes

Levels and vault maps discovered:
D:1:      lightli_arrival_flooded_house, layout_basic, minmay_quantized
D:2:      layout_basic, chequers_ecumenical_altar_simple_redux,
          nicolae_underground_beach
D:3:      layout_rooms, gammafunk_ghost_cemetery, grunt_decor_one_mirror
D:4:      layout_loops_ring, old_standard_altar, kb_xom_exploding_sheep,
          minmay_temple_entry_mist, tgw_kikubaaqudgha, uniq_eustachio
D:5:      layout_basic, uniq_grinder, uniq_sigmund
D:6:      layout_basic, portal_sewer_entry_b
D:7:      layout_layer_cave, nicolae_overflow_hidden_temple,
          lemuel_statue_altar, uniq_maggie, uniq_menkaure, uniq_duvessa,
          uniq_pikel
Temple:   eino_narrow_crystal_temple

Skill      XL: |  1  2  3  4  5  6  7  8  9 |
---------------+----------------------------+-----
Unarmed Combat | 4 5 6 7 9 10 | 10.3
Fighting       | 3 4 5 6 |  6.3
Dodging        | 3 4 5 6 |  6.3
Stealth        | 0 |  0.0

Action                   |  1- 3 |  4- 6 |  7- 9 || total
-------------------------+-------+-------+-------++-------
Melee: Unarmed           |    78 |   140 |   269 ||   487
       Punch             |       |     3 |    13 ||    16
Invok: Sacrifice Stealth |       |     1 |       ||     1
       Sacrifice Arcana  |       |       |     1 ||     1
Evoke: Wand              |       |       |     2 ||     2
  Use: Scroll            |     8 |     4 |     2 ||    14
       Potion            |       |     2 |     1 ||     3
 Stab: Sleeping          |     3 |       |       ||     3
       Distracted        |       |       |     1 ||     1
Armor: Robe              |    37 |    46 |    53 ||   136
       Skin              |       |     4 |     1 ||     5
Dodge: Dodged            |    58 |    82 |   150 ||   290
Block: Other             |       |    26 |    49 ||    75
       Reflection        |       |     1 |     1 ||     2

Table legend: (Time is in decaauts)
 A = Elapsed time spent in this place.
 B = Non-inter-level travel time spent in this place.
 C = Inter-level travel time spent in this place.
 D = Time resting spent in this place.
 E = Time spent auto-exploring this place.
 F = Levels seen in this place.
 G = Mean time per level.
                   A        B        C        D        E       F      G
               +--------+--------+--------+--------+--------+-----+--------+
         Total |   6080 |   5729 |    351 |    573 |   4075 |   9 |  675.6 |
       Dungeon |   5236 |   4908 |    328 |    573 |   3384 |   7 |  748.0 |
        Temple |    192 |    170 |     22 |      0 |    168 |   1 |  192.0 |
         Sewer |    650 |    650 |      0 |      0 |    523 |   1 |  650.0 |
               +--------+--------+--------+--------+--------+-----+--------+

Top non-repeatable levels by time:
     D:6: 1049 daAuts
     D:7: 1034 daAuts
     D:5: 844 daAuts
     D:4: 735 daAuts
     D:3: 662 daAuts
   Sewer: 650 daAuts
     D:2: 474 daAuts
     D:1: 437 daAuts
  Temple: 192 daAuts
